 Dungeon Crawl Stone Soup version 0.30-a0-166-g5d06c95188 (webtiles) character file.

Game seed: 7356913463081246760

230 qw the Chopper (level 6, -1/37 HPs)
             Began as a Gargoyle Fighter on Sept 29, 2022.
             Slain by an ogre
             ... wielding a +0 giant spiked club
              (16 damage)
             ... on level 4 of the Dungeon.
             The game lasted 00:01:04 (2856 turns).

qw the Chopper (Gargoyle Fighter)                   Turns: 2856, Time: 00:01:05

Health: -1/37      AC: 14    Str: 22    XL:     6   Next: 3%
Magic:  6/6        EV:  9    Int:  8    God:
Gold:   230        SH:  4    Dex:  9    Spells: 5/5 levels left

rFire   . . .      SeeInvis .    Y - +0 war axe
rCold   + . .      Faith    .    c - +0 buckler
rNeg    + . .      Spirit   .    b - +0 scale mail
rPois   inf        Reflect  .    (no helmet)
rElec   +          Harm     .    (no cloak)
rCorr   .          Rampage  .    (no gloves)
Will    .....                    j - +2 pair of boots
Stlth   ..........               (no amulet)
HPRegen 0.12/turn                k - ring of protection from cold
MPRegen 0.10/turn                (no ring)

@: no status effects
A: sickness immunity, AC +4, negative energy resistance 1, electricity
resistance, torment resistance 1, petrification resistance
a: no special abilities


You were on level 4 of the Dungeon.
You visited 1 branch of the dungeon, and saw 4 of its levels.

You collected 230 gold pieces.


Innate Abilities, Weirdness & Mutations

You are immune to sickness and miasma.
Your stone body is resilient. (AC +4)
You are immune to poison.
You resist negative energy. (rN+)
You are resistant to electric shocks. (rElec)
You are resistant to unholy torment.
You are immune to petrification.


   Skills:
 + Level 3.3 Fighting
 - Level 5.5 Axes
 - Level 3.2 Armour
 - Level 3.2 Shields


You had 5 spell levels left.
You didn't know any spells.
Your spell library was empty.

Inventory:

Hand Weapons
 n - a +0 flail
 Y - a +0 war axe (weapon)
Armour
 b - a +0 scale mail (worn)
 c - a +0 buckler (worn)
 j - a +2 pair of boots (worn)
Jewellery
 k - a ring of protection from cold (left hand)
 p - a +6 ring of strength
Scrolls
 a - 2 scrolls of teleportation
Potions
 d - a potion of might
 e - a potion of curing {unknown}
 f - a potion of invisibility {unknown}
 g - a potion of ambrosia {unknown}
 h - a potion of heal wounds {unknown}
 i - a potion of berserk rage {unknown}
 l - a potion of mutation {unknown}
 m - a potion of attraction {unknown}
 o - a potion of cancellation {unknown}

Dungeon Overview and Level Annotations

Branches:
Dungeon (4/15)
 Temple: D:4-7

Altars:
Nemelex Xobeh

Annotations:
D:3 2 transporters


Message History

2789 ||| FLEEEEING.
2790 ||| FLEEEEING.
2791 ||| FLEEEEING.
You barely miss the endoplasm.
The endoplasm jiggles.
The endoplasm freezes you.
You are frozen.
You resist.
You barely miss the endoplasm.
The endoplasm hits you but does no damage.
You hit the endoplasm.
The endoplasm is almost dead.
The endoplasm hits you but does no damage.
The endoplasm hits you.
You slash the endoplasm!
You kill the endoplasm!
You start resting.
HP restored.
A goblin comes into view. It is wielding a +0 dagger.
The goblin shouts!
An ogre comes into view. It is wielding a +0 giant spiked club.
2846 ||| Stepping ~*~*~tactically~*~*~ (stealth).
The ogre shouts!
The goblin hits you but does no damage.
You slash the goblin!
You kill the goblin!
You barely miss the ogre.
The ogre hits you with a +0 giant spiked club.
You hit the ogre but do no damage. The ogre barely misses you.
You hit the ogre.
The ogre is lightly wounded.
The ogre hits you with a +0 giant spiked club!!
Ouch! That really hurt!
You barely miss the ogre.
The ogre is lightly wounded.
The ogre closely misses you.
You hit the ogre.
The ogre is moderately wounded.
The ogre hits you with a +0 giant spiked club!
You die...

..........................#
...........................
###...............#........
#...............#
#...............#
#...............#
........#.......#.#
.......#............<.
......###@...........
.......)O...........
...................
...........#.......
.................#.
......$..........#
...............
....###....#+##


You could see an ogre.

Vanquished Creatures
  A phantom (D:4)
  A bullfrog (D:4)
  An adder (D:2)
  A worm (D:3)
  A dart slug (D:3)
  2 orcs (D:3)
  4 bats
  6 endoplasms
  5 giant cockroaches
  13 goblins
  2 hobgoblins (D:2)
  5 jackals (D:1)
  4 kobolds
  7 quokkas
  7 ball pythons
  2 frilled lizards
  7 rats
69 creatures vanquished.

Notes
Turn   | Place    | Note
-------+----------+-------------------------------------------
     0 | D:1      | qw the Gargoyle Fighter began the quest for the Orb.
     0 | D:1      | Reached XP level 1. HP: 14/14 MP: 1/1
     0 | D:1      | 0 ||| qw: Version: 0.2-a-12-gaebbb33
     0 | D:1      | 0 ||| qw: Game counter: 1035
     0 | D:1      | 0 ||| qw: Always use a shield: true
     0 | D:1      | 0 ||| qw: God list: Okawaru
     0 | D:1      | 0 ||| qw: Allow faded altars: false
     0 | D:1      | 0 ||| qw: Do Orc after D:15 true
     0 | D:1      | 0 ||| qw: Do second Lair branch before Depths: true
     0 | D:1      | 0 ||| qw: Lair rune preference: random
     0 | D:1      | 0 ||| qw: Plans: Normal, Zot:1-4, God:TSO, Crypt, Tomb,
                  | Pan, Slime:5, Hells, Abyss, Orb
     0 | D:1      | 0 ||| PLANNING D:1-11
    95 | D:1      | Reached skill level 2 in Axes
   102 | D:1      | 102 ||| Stepping ~*~*~tactically~*~*~ (stealth).
   234 | D:1      | Reached XP level 2. HP: 19/19 MP: 2/2
   259 | D:1      | 259 ||| Stepping ~*~*~tactically~*~*~ (stealth).
   275 | D:1      | HP: 3/19 [quokka (2)]
   606 | D:1      | Reached skill level 3 in Axes
   642 | D:1      | Reached XP level 3. HP: 23/23 MP: 3/3
   834 | D:1      | Found a faded altar of an unknown god.
  1033 | D:1      | 1033 ||| UPGRADING to +0 pair of boots.
  1038 | D:1      | 1038 ||| UPGRADING to +2 pair of boots.
  1048 | D:1      | 1048 ||| DROPPING +0 pair of boots.
  1049 | D:1      | 1049 ||| UPGRADING to ring of protection from cold.
  1050 | D:1      | 1050 ||| READING scroll labelled KADWIR ICVAB.
  1084 | D:2      | 1084 ||| Stepping ~*~*~tactically~*~*~ (stealth).
  1181 | D:2      | 1181 ||| Stepping ~*~*~tactically~*~*~ (stealth).
  1235 | D:2      | 1235 ||| Stepping ~*~*~tactically~*~*~ (stealth).
  1415 | D:2      | Reached XP level 4. HP: 27/28 MP: 4/4
  1486 | D:2      | 1486 ||| DROPPING +0 mace.
  1615 | D:2      | 1615 ||| Stepping ~*~*~tactically~*~*~ (stealth).
  1649 | D:2      | 1649 ||| DROPPING +2 whip of pain.
  1781 | D:2      | 1781 ||| READING 2 scrolls labelled DACHUASOZI.
  1782 | D:2      | 1782 ||| READING scroll labelled KUSTROD VIVVER.
  1783 | D:2      | 1783 ||| READING scroll labelled QUILAYBETE.
  1784 | D:2      | 1784 ||| DROPPING scroll of vulnerability.
  1842 | D:3      | Found a transporter.
  1842 | D:3      | Noticed a kobold demonologist
  1893 | D:3      | Found a transporter.
  1895 | D:3      | 1895 ||| Stepping ~*~*~tactically~*~*~ (stealth).
  1944 | D:3      | Reached skill level 4 in Axes
  2407 | D:3      | Found a faded altar of an unknown god.
  2412 | D:3      | Found a sparkling altar of Nemelex Xobeh.
  2595 | D:3      | 2595 ||| READING scroll labelled IQYFFA VOFEA.
  2695 | D:4      | Noticed a bullfrog
  2707 | D:4      | Killed a bullfrog
  2708 | D:4      | Reached XP level 5. HP: 32/32 MP: 5/5
  2771 | D:4      | Noticed a phantom
  2783 | D:4      | Killed a phantom
  2784 | D:4      | Reached skill level 5 in Axes
  2784 | D:4      | Reached XP level 6. HP: 33/37 MP: 6/6
  2784 | D:4      | 2784 ||| FLEEEEING.
  2785 | D:4      | 2785 ||| FLEEEEING.
  2786 | D:4      | 2786 ||| FLEEEEING.
  2787 | D:4      | 2787 ||| FLEEEEING.
  2788 | D:4      | 2788 ||| FLEEEEING.
  2789 | D:4      | 2789 ||| FLEEEEING.
  2790 | D:4      | 2790 ||| FLEEEEING.
  2791 | D:4      | 2791 ||| FLEEEEING.
  2846 | D:4      | 2846 ||| Stepping ~*~*~tactically~*~*~ (stealth).
  2856 | D:4      | Slain by an ogre

Levels and vault maps discovered:
D:1:      nzn_arrival_depleted_hourglass, layout_rooms,
          shapermc_ecumenical_altar_mp_urbaneastern, serial_park_tiny_1
D:2:      layout_loops_ring, kennysheep_another_room, st_stairs_5
D:3:      gammafunk_wand_slinger, layout_loops_ring,
          nicolae_overflow_ecumenical_swirl
D:4:      layout_basic

Skill      XL: |  1  2  3  4  5 |
---------------+----------------+-----
Axes           | 2 3 4 5 |  5.5
Fighting       | |  3.3
Armour         | |  3.2
Shields        | |  3.2

Action                   |  1- 3 |  4- 6 || total
-------------------------+-------+-------++-------
Melee: War axe           |   107 |   105 ||   212
  Use: Scroll            |     1 |     4 ||     5
Armor: Scale mail        |    51 |    51 ||   102
Dodge: Dodged            |    51 |    34 ||    85
Block: Buckler           |    18 |    22 ||    40

Table legend:
 A = Non-vault XP
 B = Vault XP
 C = Vault XP percentage of total XP
 D = Non-vault monster count
 E = Vault monster count
 F = Vault count percentage of total count
                 A         B        C        D         E       F
            +---------+---------+-------+---------+---------+-------
      Total |     325 |       4 |   1.2 |      67 |       2 |   2.9
            +---------+---------+-------+---------+---------+-------
        D:1 |      47 |       0 |   0.0 |      27 |       0 |   0.0
        D:2 |      37 |       4 |   9.8 |      15 |       2 |  11.8
        D:3 |      37 |       0 |   0.0 |      18 |       0 |   0.0
        D:4 |     204 |       0 |   0.0 |       7 |       0 |   0.0
            +---------+---------+-------+---------+---------+-------
